 Dungeon Crawl Stone Soup version 0.25.1-8-g42b30a86e7 (webtiles) character file.

Game seed: 939946693541031923

443 hawla the Magician (level 6, 0/67 HPs)
             Began as a Draconian Conjurer on Dec 18, 2020.
             Slain by an orc wizard
             ... wielding a +0 dagger
              (1 damage)
             ... on level 5 of the Dungeon.
             The game lasted 00:10:29 (5206 turns).

hawla the Magician (Draconian Conjurer)             Turns: 5206, Time: 00:10:30

Health: 0/67       AC:  6    Str:  9 (11) XL:     6   Next: 71%
Magic:  3/14       EV: 12    Int: 16 (17) God:
Gold:   129        SH:  0    Dex: 10 (11) Spells: 9/16 levels left

rFire    . . .     SeeInvis .   (no weapon)
rCold    . . .     Gourm    .   (no shield)
rNeg     + . .     Faith    .   (armour unavailable)
rPois    .         Spirit   .   (helmet restricted)
rElec    .         Reflect  .   (no cloak)
rCorr    .         Harm     .   (no gloves)
MR       .....                  (no boots)
Stlth    ..........             (no amulet)
HPRegen  0.21/turn              l - -4 ring of slaying (curse)
MPRegen  0.14/turn              o - ring of positive energy

@: berserking, very slightly contaminated, very quick
A: unfitting armour, cold-blooded, AC +6
a: no special abilities


You were on level 5 of the Dungeon.
You were hungry.

You visited 1 branch of the dungeon, and saw 5 of its levels.

You collected 129 gold pieces.

Inventory:

Missiles
 g - 34 poisoned darts (quivered)
Jewellery
 j - an uncursed amulet of guardian spirit
 l - a cursed -4 ring of slaying (left hand)
 o - a ring of positive energy (right hand)
Wands
 e - a wand of random effects (12)
Scrolls
 c - 2 scrolls of enchant armour
Potions
 a - 4 potions of stabbing
 d - a potion of might
 f - a potion of flight
 i - a potion of haste
Comestibles
 b - 7 rations


   Skills:
 - Level 1.7 Dodging
 - Level 1.7 Stealth
 + Level 5.8 Spellcasting
 + Level 4.7 Conjurations
 + Level 2.2 Translocations


You had 9 spell levels left.
You knew the following spells:

 Your Spells              Type           Power        Failure   Level  Hunger
a - Magic Dart            Conj           ###.         1%          1    None
b - Searing Ray           Conj           ###...       3%          2    #......
c - Iskenderun's Mystic   Conj/Tloc      ###.....     32%         4    ####...

Your spell library contained the following spells:

 Spells                   Type           Power        Failure   Level  Hunger
 Dazzling Flash           Conj/Hex       ##....       16%         3    ##.....
 Fulminant Prism          Conj/Hex       ##........   45%         4    ####...


Dungeon Overview and Level Annotations

Branches:
Dungeon (5/15)
 Temple: D:4-7

Altars:

Annotations:
D:4 Eustachio


Innate Abilities, Weirdness & Mutations

Your plain brown scales are hard. (AC +6)
You cannot fit into any form of body armour.
You are cold-blooded and may be slowed by cold attacks.


Message History

The orc barely misses you. The orc wizard casts a spell at you.
The puff of flame hits you.
* * * LOW HITPOINT WARNING * * *
You climb downwards.
You hear the sound of rushing water.
There is an entrance to a sewer on this level.
Hurry and find it before the portal rusts away!
You hear the rusting of a very distant drain.
There is a stone staircase leading up here.
It was a potion of berserk rage.
A red film seems to cover your vision as you go berserk!
You feel yourself moving faster!
You feel mighty! The orc barely misses you. The orc wizard closely misses you.
The orc hits you with a +0 flail.
* * * LOW HITPOINT WARNING * * *
You barely miss the orc.
The orc is heavily wounded.
The orc hits you with a +0 falchion.
* * * LOW HITPOINT WARNING * * *
The orc wizard hits you with a +0 dagger.
You die...

##S #.. #.#
#.# #.. #.# #
#[.# ###.###
#.#o.# #..o@.#
#.#..#
#..oo.####
.%.(.
#........#
#..#
#.....##.#
#..###.
#.....##.#
#......
########.#
#......
#.######...##.
#....$.....#
########...#


You could see an orc wizard and 2 orcs.

Vanquished Creatures
  An ice beast (D:5)
  An iguana (D:5)
  Terence (D:3)
  3 worker ants (D:4)
  Robin (D:2)
  A hound skeleton (D:4)
  10 adders
  3 oozes
  An adder skeleton (D:4)
  A worm (D:2)
  3 dart slugs
  8 orcs
  2 ball pythons
  4 bats
  4 giant cockroaches
  8 goblins
  11 hobgoblins
  6 jackals
  A quokka (D:2)
  A ball python skeleton (D:4)
  A frilled lizard (D:1)
  10 kobolds
  A leopard gecko skeleton (D:4)
  A quokka skeleton (D:4)
  6 rats
90 creatures vanquished.

Notes
Turn   | Place    | Note
-------+----------+-------------------------------------------
     0 | D:1      | hawla the Draconian Conjurer began the quest for the Orb.
     0 | D:1      | Reached XP level 1. HP: 14/14 MP: 3/3
   280 | D:1      | Reached XP level 2. HP: 8/20 MP: 0/5
   664 | D:1      | Reached skill level 3 in Spellcasting
   674 | D:1      | Learned a level 2 spell: Searing Ray
  1167 | D:1      | Reached XP level 3. HP: 26/26 MP: 0/7
  1998 | D:2      | Reached skill level 4 in Spellcasting
  1998 | D:2      | Reached XP level 4. HP: 33/33 MP: 5/10
  2308 | D:2      | Noticed Robin
  2315 | D:2      | Killed Robin
  3195 | D:2      | Reached XP level 5. HP: 38/38 MP: 9/12
  3269 | D:3      | Reached skill level 5 in Spellcasting
  3599 | D:3      | Noticed Terence
  3606 | D:3      | Killed Terence
  3615 | D:3      | Learned a level 4 spell: Iskenderun's Mystic Blast
  4216 | D:4      | Reached skill level 1 in Translocations
  4292 | D:4      | Reached XP level 6. HP: 45/45 MP: 6/14
  4822 | D:4      | Noticed Eustachio
  4842 | D:5      | Entered Level 5 of the Dungeon
  4842 | D:5      | Noticed an ice beast
  4854 | D:5      | Killed an ice beast
  5206 | D:5      | HP: 1/67 [orc/+0 falchion (5)]
  5206 | D:5      | Slain by an orc wizard

Illustrated notes

Levels and vault maps discovered:
D:1:      minmay_arrival_checkered_box, layout_basic
D:2:      layout_basic, uniq_robin
D:3:      layout_basic, first_ration, kennysheep_nondescript, uniq_terence
D:4:      layout_basic, serial_shops, nicolae_shop_crystal, uniq_eustachio
D:5:      layout_loops_ring, portal_sewer_entry_e, trog_three_pillars_becter

Skill      XL: |  1  2  3  4  5  6 |
---------------+-------------------+-----
Spellcasting   | 3 4 5 |  5.8
Translocations | 1 2 |  2.2
Dodging        | |  1.7
Stealth        | |  1.7
Conjurations   | |  4.7

Action                   |  1- 3 |  4- 6 || total
-------------------------+-------+-------++-------
Melee: Unarmed           |    30 |    26 ||    56
       Tailslap          |     5 |     1 ||     6
 Cast: Magic Dart        |    45 |    73 ||   118
       Searing Ray       |     7 |    32 ||    39
       Iskenderun's Myst |       |     2 ||     2
  Use: Scroll            |     1 |     7 ||     8
       Potion            |       |     6 ||     6
  Eat: Chunk             |     4 |    10 ||    14
Armor: Skin              |    10 |    18 ||    28
Dodge: Dodged            |    30 |    46 ||    76
